 Dungeon Crawl Stone Soup version 0.30.1-9-gdf580d7c3d (webtiles) character file.

Game seed: 13412633175998230429

266 lonewolfV2 the Trooper (level 6, -1/48 HPs)
             Began as a Demonspawn Fighter on Oct 25, 2023.
             Slain by an orc
             ... wielding a +0 flail
              (3 damage)
             ... on level 3 of the Dungeon.
             The game lasted 00:03:16 (2175 turns).

lonewolfV2 the Trooper (Demonspawn Fighter)         Turns: 2175, Time: 00:03:17

Health: -1/48      AC: 12    Str: 18    XL:     6   Next: 0%
Magic:  6/6        EV:  6    Int: 10    God:
Gold:   67         SH:  4    Dex: 12    Spells: 5/5 levels left

rFire   . . .        a - +0 war axe
rCold   . . .        c - +0 buckler
rNeg    . . .        o - +0 plate armour
rPois   +            (helmet restricted)
rElec   .            (no cloak)
rCorr   .            (no gloves)
SInv    .            h - +0 pair of boots
Will    .....        (no amulet) Stlth
                     m - ring of poison resistance
HPRegen 0.28/turn    (no ring)
MPRegen 0.10/turn

%: no passive effects
@: no status effects
A: horns 2, demonic magic 1
a: no special abilities


You were on level 3 of the Dungeon.
You visited 1 branch of the dungeon, and saw 3 of its levels.

You collected 67 gold pieces.

Inventory:

Hand Weapons
 a - a +0 war axe (weapon)
Armour
 c - a +0 buckler (worn)
 h - a +0 pair of boots (worn)
 o - a +0 plate armour (worn)
Jewellery
 m - a ring of poison resistance (left hand)
Scrolls
 b - a scroll of brand weapon {unknown}
 f - a scroll of teleportation
 j - a scroll of immolation
Potions
 d - a potion of invisibility {unknown}
 e - 2 potions of degeneration
 g - 2 potions of berserk rage {unknown}
 i - a potion of flight {unknown}
 n - a potion of brilliance {unknown}


   Skills:
 + Level 3.9 Fighting
 - Level 1.7 Axes
 + Level 3.6 Armour
 * Level 3.2 Dodging
 + Level 3.6 Shields


You had 5 spell levels left.
You didn't know any spells.
Your spell library contained the following spells:

 Spells                   Type           Power      Damage    Failure   Level
 Magic Dart               Conj           0%         1d3       100%        1
 Call Imp                 Summ           0%         N/A       100%        2
 Mephitic Cloud           Conj/Pois/Air  0%         N/A       100%        3


Dungeon Overview and Level Annotations

Branches:
Dungeon (3/15)

Altars:


Innate Abilities, Weirdness & Mutations

You have a pair of horns on your head.
Spells you cast may paralyse adjacent enemies.


Message History

It is a scroll of amnesia.
You feel forgetful for a moment.
You climb downwards.
You hear the sound of rushing water.
There is an entrance to a sewer on this level.
Hurry and find it before the portal rusts away!
Found a scroll labelled JEATHOQ RYKK.
There is a stone staircase leading up here.
b - a scroll labelled JEATHOQ RYKK An orc comes into view.
It is wielding a +0 flail.
Found 6 poisoned darts.
The orc shouts!
You hear a shout!
An orc priest comes into view. It is wielding a +0 club.
There are monsters nearby!
There are monsters nearby!
An orc comes into view. It is wielding a +1 mace of draining.
The orc shouts!
The orc priest shouts!
The orc priest invokes the aid of Beogh against you.
Beogh smites you!
There is a stone staircase leading up here.
The orc priest looks satisfied for a moment.
You barely miss the orc. You headbutt the orc, but do no damage.
You block the orc's attack.
You barely miss the orc. Your headbutt misses the orc.
The orc hits you with a +0 flail. The orc hits you but does no damage.
You barely miss the orc. The orc hits you with a +0 flail.
The orc priest mumbles some strange prayers to Beogh against you.
Beogh smites you!
You hit the orc.
The orc is lightly wounded.
The orc hits you but does no damage.
The orc priest calls down the wrath of Beogh upon you.
Beogh smites you!
* * * LOW HITPOINT WARNING * * *
The orc hits you but does no damage.
You closely miss the orc.
The orc is lightly wounded.
The orc hits you with a +0 flail.
* * * LOW HITPOINT WARNING * * *
The orc attacks as you move away! The orc hits you with a +0 flail.
You die...

.# o.# ...#
#...# #...#
###...###
........#
###o####
#..oo@<#
#.....#.##.#
##.####.##.#
# #.##.#
.(##.#
####.# #.#
#.# #..


You could see an orc priest and 2 orcs.

Vanquished Creatures
  Sigmund (D:2)
  Jessica (D:2)
  An adder (D:2)
  2 worms (D:2)
  3 dart slugs
  4 endoplasms
  3 giant cockroaches
  4 hobgoblins
  A ball python (D:1)
  4 bats (D:1)
  3 frilled lizards (D:1)
  9 goblins
  6 kobolds (D:1)
  7 rats
49 creatures vanquished.

Notes
Turn   | Place    | Note
-------+----------+-------------------------------------------
     0 | D:1      | lonewolfV2 the Demonspawn Fighter began the quest for the
                  | Orb.
     0 | D:1      | Reached XP level 1. HP: 18/18 MP: 1/1
   227 | D:1      | Gained mutation: Spells you cast may paralyse adjacent
                  | enemies. [demonic ancestry]
   227 | D:1      | Reached XP level 2. HP: 24/24 MP: 2/2
   313 | D:1      | Reached skill level 1 in Dodging
   598 | D:1      | Gained mutation: You have a pair of small horns on your
                  | head. [demonic ancestry]
   598 | D:1      | Reached XP level 3. HP: 29/29 MP: 3/3
  1375 | D:2      | Noticed Jessica
  1384 | D:2      | Killed Jessica
  1385 | D:2      | Gained mutation: You have a pair of horns on your head.
                  | [demonic ancestry]
  1385 | D:2      | Reached XP level 4. HP: 29/35 MP: 4/4
  1471 | D:2      | Noticed Sigmund
  1500 | D:2      | HP: 1/35 [something (4)]
  1502 | D:2      | Killed Sigmund
  1503 | D:2      | Reached XP level 5. HP: 2/42 MP: 5/5
  1882 | D:2      | Reached XP level 6. HP: 26/48 MP: 6/6
  2174 | D:3      | HP: 2/48 [orc/+0 flail (5)]
  2175 | D:3      | Slain by an orc

Illustrated notes

Levels and vault maps discovered:
D:1:      dpeg_arrival_rooms_a, layout_loops_corners, lexackson_kobold_supper
D:2:      layout_basic, nrook_mini_backslash, uniq_sigmund, uniq_jessica
D:3:      layout_loops_cross, portal_sewer_entry_f,
          hellmonk_ecumenical_altar_crossroads, corexii_corridor_pit,
          uniq_grinder

Skill      XL: |  1  2  3  4 |
---------------+-------------+-----
Dodging        | 1 2 3 |  3.2
Shields        | 3 |  3.6
Armour         | 3 |  3.6
Fighting       | |  3.9
Axes           | |  1.7

Action                     |  1- 3 |  4- 6 || total
---------------------------+-------+-------++-------
  Melee: War axe           |    98 |    42 ||   140
         Headbutt          |     6 |     7 ||    13
    Use: Scroll            |     5 |     3 ||     8
         Potion            |       |     1 ||     1
 Armour: Scale mail        |    55 |     5 ||    60
         Plate armour      |       |     3 ||     3
  Dodge: Dodged            |    52 |    14 ||    66
  Block: Buckler           |    21 |     8 ||    29
